 Dungeon Crawl Stone Soup version 0.27.1 (webtiles) character file.

Game seed: 2645675737976080272

6048 Malachi the Thaumaturge (level 10, 0/50 HPs)
             Began as a Deep Elf Air Elementalist on Aug 21, 2021.
             Was a Priest of Cheibriados.
             Slain by an orc warrior (15 damage)
             ... on level 8 of the Dungeon.
             The game lasted 00:23:13 (10765 turns).

Malachi the Thaumaturge (DEAE)                     Turns: 10765, Time: 00:23:14

Health: 0/50       AC:  3    Str: 21    XL:     10   Next: 57%
Magic:  26/35      EV: 13    Int: 32    God:    Cheibriados [***...]
Gold:   350        SH:  0    Dex: 20    Spells: 14/29 levels left

rFire    . . .     SeeInvis +   n - +3 short sword (elec)
rCold    . . .     Faith    .   (no shield)
rNeg     + + +     Spirit   .   k - +1 robe of Zoreruw {rElec rN++ Dex-3 SInv}
rPois    +         Reflect  .   (no helmet)
rElec    +         Harm     .   (no cloak)
rCorr    .         Rampage  .   (no gloves)
Will     +....     Clarity  +   (no boots)
Stlth    +++.......             (no amulet)
HPRegen  0.16/turn              g - ring of magical power
MPRegen  0.24/turn              b - ring of Wedid {Contam rPois rN+ Str+6 Stlth+}

@: lethally poisoned (0 -> -2), very slow
A: clarity, strong 1
a: Renounce Religion, Bend Time, Temporal Distortion


You were on level 8 of the Dungeon.
You worshipped Cheibriados.
Cheibriados was most pleased with you.
You visited 1 branch of the dungeon, and saw 8 of its levels.
You also visited: Sewer.

You collected 350 gold pieces.

Inventory:

Hand Weapons
 i - a +2 vorpal dagger
 j - a +1 dagger of holy wrath
 n - a +3 short sword of electrocution (weapon)
Armour
 k - the +1 robe of Zoreruw (worn) {rElec rN++ Dex-3 SInv}
   (You found it in a sewer)

   Dex:       It affects your dexterity (-3).
   rElec:     It insulates you from electricity.
   rN:        It greatly protects you from negative energy.
   SInv:      It lets you see invisible.
Jewellery
 b - the ring of Wedid (right hand) {Contam rPois rN+ Str+6 Stlth+}
   (You acquired it on level 5 of the Dungeon)

   [ring of strength]

   Str:       It affects your strength (+6).
   rPois:     It protects you from poison.
   rN:        It protects you from negative energy.
   Contam:    It causes magical contamination when unequipped.
   Stlth:     It makes you more stealthy.
 g - a ring of magical power (left hand)
 h - a +4 ring of protection
 q - the amulet "Hoahusaj" {Rampage Regen+ Str+7 Slay+5 Stlth-}
   (You found it on level 7 of the Dungeon)

   [amulet of regeneration]

   Str:       It affects your strength (+7).
   Slay:      It affects your accuracy & damage with ranged weapons and melee
   (+5).
   Regen:     It increases your rate of health regeneration.
   Rampage:   It bestows one free step when moving towards enemies.
   Stlth:     It makes you less stealthy.
   Cheibriados disapproves of the use of such an item.
Wands
 v - a wand of flame (9)
Scrolls
 c - 3 scrolls of blinking
 o - a scroll of identify
 u - a scroll of teleportation
Potions
 a - a potion of mutation
 d - a potion of lignification {unknown}
 e - 2 potions of brilliance
 f - 2 potions of might
 l - 2 potions of magic
 m - a potion of resistance
 p - 2 potions of invisibility {unknown}


   Skills:
 - Level 2.4 Dodging
 - Level 2.4 Stealth
 - Level 10.0 Spellcasting
 - Level 1.1 Conjurations
 * Level 7.3 Hexes
 * Level 4.9 Summonings
 - Level 4.0 Fire Magic
 - Level 9.0 Air Magic
 + Level 8.8 Invocations


You had 14 spell levels left.
You knew the following spells:

 Your Spells              Type           Power      Damage    Failure   Level
a - Shock                 Conj/Air       100%       1d9       1%          1
b - Static Discharge      Conj/Air       48%        N/A       1%          2
c - Airstrike             Air            32%        N/A       1%          4
d - Inner Flame           Hex/Fire       51%        N/A       1%          3
e - Summon Mana Viper     Hex/Summ       53%        N/A       7%          5

Your spell library contained the following spells:

 Spells                   Type           Power      Damage    Failure   Level
 Foxfire                  Conj/Fire      100%       2x1d9     1%          1
 Swiftness                Air            65%        N/A       1%          3
 Beastly Appendage        Tmut           32%        N/A       3%          1
 Conjure Flame            Conj/Fire      32%        6-21      3%          3
 Wereblood                Tmut           16%        N/A       4%          2
 Spider Form              Tmut/Pois      8%         N/A       9%          3
 Summon Ice Beast         Ice/Summ       31%        N/A       11%         4
 Monstrous Menagerie      Summ           23%        N/A       98%         7


Dungeon Overview and Level Annotations

Branches:
Dungeon (8/15)             Temple (0/1) D:4           Sewer (visited)
   Lair: D:8-11

Altars:
Cheibriados
Fedhas
Kikubaaqudgha
Qazlal
The Shining One
Lugonu

Shops:
D:3 (   D:5 :


Innate Abilities, Weirdness & Mutations

You possess an exceptional clarity of mind.
Your muscles are strong. (Str +2)


Message History

The killer bee stings you but does no damage.
The killer bee stings you. The killer bee stings you!
The killer bee stings you.
You are poisoned.
The killer bee poisons you!
Unknown command.
Unknown command.
Casting: Static Discharge (safe; 1% risk of failure)
Confirm with . or Enter, or press ? or * to list all spells.
The killer bee is struck by an arc of lightning.
The killer bee is lightly wounded.
The killer bee is struck by an arc of lightning.
You kill the killer bee!
Cheibriados thoroughly appreciates the change of pace.
The killer bee is struck by an arc of lightning.
The killer bee is heavily wounded.
The lightning grounds out.
You feel sick. The killer bee misses you.
The orc priest invokes the aid of Beogh against you.
Beogh smites you! The killer bee stings you.
Unknown command.
Unknown command.
Casting: Static Discharge (safe; 1% risk of failure)
Confirm with . or Enter, or press ? or * to list all spells.
The killer bee is struck by an arc of lightning!
You kill the killer bee!
Cheibriados thoroughly appreciates the change of pace.
You resist.
You are struck by an arc of lightning.
You feel sick.
Unknown command.
Unknown command.
Unknown command.
Casting: Static Discharge (safe; 1% risk of failure)
Confirm with . or Enter, or press ? or * to list all spells.
The orc priest is struck by an arc of lightning.
The orc priest is heavily wounded.
The lightning grounds out.
You feel sick.
An orc comes into view. It is wielding a +0 short sword.
Unknown command.
Unknown command.
The orc warrior hits you from afar with a +0 trident!
You die...

##### ##...##
##.....##
#.......#####
#.<.†@o......
#...o...#####
...#...o.## #
......##
####.#.#
.###o .# # .#


You could see an orc warrior, an orc priest and 2 orcs.

Vanquished Creatures
  4 ugly things (D:7)
  An ancient zyme (D:7)
  Grinder (D:5)
  Menkaure (D:4)
  A water moccasin (D:5)
  6 orc warriors
  3 ice beasts
  A necrophage (D:7)
  2 sky beasts
  A black bear (D:6)
  6 small abominations (D:7)
  An ogre (D:7)
  2 kobold brigands (D:5)
  2 phantoms
  Blork the orc (D:6)
  A water moccasin zombie (D:5)
  7 scorpions
  4 killer bees (D:8)
  3 wights (D:7)
  A bullfrog zombie (D:6)
  2 jellies
  2 centaur skeletons
  3 orc priests
  5 hounds
  6 iguanas
  2 bullfrog skeletons
  3 orc wizards
  A killer bee zombie (D:5)
  A hound zombie (D:5)
  2 hound skeletons
  2 adders
  12 gnolls
  A river rat (D:3)
  A howler monkey skeleton (D:7)
  3 white imps
  2 worms (D:3)
  A dart slug (D:3)
  23 orcs
  6 endoplasms
  10 giant cockroaches
  4 goblins
  8 hobgoblins
  4 jackals (D:3)
  29 kobolds
  3 quokkas
  9 ball pythons
  8 bats
  3 frilled lizards
  9 rats
214 creatures vanquished.

Vanquished Creatures (others)
  A human (D:4)
  An endoplasm (D:2)
  A ball python (D:2)
  2 bats (D:2)
  4 fungi (D:5)
  4 plants (Sewer)
13 creatures vanquished.

Grand Total: 227 creatures vanquished

Notes
Turn   | Place    | Note
-------+----------+-------------------------------------------
     0 | D:1      | Malachi the Deep Elf Air Elementalist began the quest for
                  | the Orb.
     0 | D:1      | Reached XP level 1. HP: 10/10 MP: 6/6
   307 | D:1      | Reached XP level 2. HP: 15/15 MP: 5/8
   522 | D:1      | Learned a level 2 spell: Static Discharge
  1380 | D:2      | Reached skill level 4 in Spellcasting
  1380 | D:2      | Reached XP level 3. HP: 12/19 MP: 1/10
  1591 | D:2      | Learned a level 3 spell: Swiftness
  1609 | D:2      | Found a faded altar of an unknown god.
  1614 | D:2      | Became a worshipper of Cheibriados the Contemplative
  1614 | D:2      | Reached * piety under Cheibriados
  2465 | D:3      | Found Kaebor's Weapon Shop.
  2682 | D:3      | Reached XP level 4. HP: 23/24 MP: 12/12
  2737 | D:3      | Found a glowing drain.
  2756 | Sewer    | Entered a sewer
  2785 | Sewer    | Reached ** piety under Cheibriados
  2911 | Sewer    | Identified the +1 robe of Zoreruw {rElec rN++ Dex-3 SInv}
  3174 | Sewer    | Reached skill level 5 in Spellcasting
  3356 | D:3      | Reached *** piety under Cheibriados
  3357 | D:3      | Reached skill level 1 in Invocations
  3366 | D:3      | Reached XP level 5. HP: 28/28 MP: 11/14
  3979 | D:3      | Learned a level 4 spell: Airstrike
  3994 | D:4      | Found an ancient bone altar of Kikubaaqudgha.
  4532 | D:4      | Reached skill level 5 in Air Magic
  4559 | D:4      | Noticed Menkaure
  4561 | D:4      | Killed Menkaure
  4562 | D:4      | Reached XP level 6. HP: 32/32 MP: 16/16
  4758 | D:4      | Found a staircase to the Ecumenical Temple.
  4811 | D:4      | Reached XP level 7. HP: 29/36 MP: 17/17
  5263 | D:4      | Noticed a human
  5264 | D:4      | Killed a human
  5730 | D:5      | Entered Level 5 of the Dungeon
  5749 | D:5      | Reached **** piety under Cheibriados
  5755 | D:5      | Reached skill level 5 in Invocations
  5936 | D:5      | Reached XP level 8. HP: 41/41 MP: 3/18
  6167 | D:5      | Reached skill level 6 in Spellcasting
  6224 | D:5      | Found a stormy altar of Qazlal.
  6240 | D:5      | Found Qaat's Book Emporium.
  6565 | D:5      | Noticed Grinder
  6568 | D:5      | Killed Grinder
  6569 | D:5      | Reached skill level 7 in Spellcasting
  6938 | D:5      | Reached skill level 8 in Spellcasting
  6950 | D:5      | Gained mutation: Your muscles are strong. (Str +2) [potion
                  | of mutation]
  6950 | D:5      | Gained mutation: You possess an exceptional clarity of
                  | mind. [potion of mutation]
  7247 | D:5      | Learned a level 3 spell: Inner Flame
  7270 | D:5      | Identified a scroll of acquirement
  7270 | D:5      | Acquired the ring of Wedid {Contam rPois rN+ Str+6 Stlth+}
  7277 | D:6      | Reached ***** piety under Cheibriados
  7478 | D:6      | Reached skill level 1 in Hexes
  7478 | D:6      | Reached skill level 1 in Fire Magic
  7478 | D:6      | Reached XP level 9. HP: 45/45 MP: 12/23
  8135 | D:6      | Noticed Blork the orc
  8137 | D:6      | Killed Blork the orc
  8141 | D:6      | Reached skill level 9 in Spellcasting
  8808 | D:6      | Found a glowing golden altar of the Shining One.
  9348 | D:7      | Found a transporter.
  9349 | D:7      | Noticed an ancient zyme
  9351 | D:7      | Found a transporter.
  9353 | D:7      | Found a corrupted altar of Lugonu.
  9353 | D:7      | Noticed a green ugly thing
  9642 | D:7      | Reached skill level 10 in Spellcasting
  9994 | D:7      | Noticed a purple ugly thing
  9994 | D:7      | Noticed a purple ugly thing
  9996 | D:7      | Noticed a cyan ugly thing
 10095 | D:7      | Learned a level 5 spell: Summon Mana Viper
 10268 | D:7      | Found a blossoming altar of Fedhas.
 10436 | D:7      | Reached skill level 1 in Summonings
 10436 | D:7      | Reached XP level 10. HP: 5/50 MP: 24/26
 10436 | D:7      | Killed a cyan ugly thing
 10436 | D:7      | Killed a purple ugly thing
 10436 | D:7      | Killed a green ugly thing
 10436 | D:7      | Killed a purple ugly thing
 10743 | D:7      | Identified the amulet "Hoahusaj" {Rampage Regen+ Str+7
                  | Slay+5 Stlth-}
 10765 | D:8      | Slain by an orc warrior

Illustrated notes

Levels and vault maps discovered:
D:1:      lightli_arrival_lavapool, layout_basic, minmay_misc_feat_x,
          hangedman_decor_riveting
D:2:      layout_basic, ebering_ecumenical_altar_box, lemuel_old_faithful
D:3:      layout_loops_ring, portal_sewer_entry_b, serial_shops, shop,
          st_stairs_5
D:4:      layout_gridville, tgw_kikubaaqudgha, minmay_temple_entry_tees,
          st_stairs_9, dk_noncrumbling_4, uniq_menkaure
D:5:      cheibrodos_thug_alley, layout_cave_pools,
          mainiacjoe_overflow_cross_hatched, serial_shops, shop,
          chequers_serial_rivers_micro_c, uniq_grinder
D:6:      layout_rooms, mainiacjoe_overflow_alcove_2, uniq_blork_the_orc
D:7:      gammafunk_corrupted_shrine, layout_cave_pools, fedhas_altar_4,
          minmay_hedge_maze
D:8:      layout_loops_ring, nzn_overflow_gifts_of_might_and_magic,
          kennysheep_slug_shrine, kennysheep_generic_room_9, uniq_pikel

Skill      XL: |  1  2  3  4  5  6  7  8  9 10 |
---------------+-------------------------------+-----
Spellcasting   | 4 5 8 10 | 10.0
Air Magic      | 4 5 7 8 9 |  9.0
Invocations    | 1 3 4 6 8 |  8.8
Hexes          | 1 4 7 |  7.3
Fire Magic     | 1 4 |  4.0
Summonings     | 1 4 |  4.9
Dodging        | |  2.4
Stealth        | |  2.4
Conjurations   | |  1.1

Action                   |  1- 3 |  4- 6 |  7- 9 | 10-12 || total
-------------------------+-------+-------+-------+-------++-------
Melee: Unarmed           |       |     1 |       |       ||     1
       Short sword       |       |       |     4 |       ||     4
 Cast: Shock             |    81 |    87 |    90 |       ||   258
       Static Discharge  |     5 |    18 |    25 |     5 ||    53
       Airstrike         |       |     6 |    89 |       ||    95
Invok: Slouch            |       |       |     4 |     2 ||     6
  Use: Scroll            |     3 |     1 |     7 |       ||    11
       Potion            |       |       |    12 |       ||    12
Armor: Robe              |     4 |     2 |     5 |     1 ||    12
Dodge: Dodged            |     8 |    19 |    20 |     1 ||    48
